PR
TULSA OTTERS @ FORT KNOX CENTENNIAL
05/11/2041
 
TOP OF THE 1ST
Tulsa Otters batting - Pitching for Fort Knox Centennial : RHP Wayne Hankins
Pitching: RHP Wayne Hankins
Batting: RHB Joe Goff 0-0: SINGLE (Line Drive, 34D, EV 101.9 MPH)
Batting: RHB Chad Brown 0-0: DOUBLE (Flyball, 7LM, EV 105.6 MPH)
Joe Goff to third
Batting: RHB Guillermo Dettori 0-0: Foul Ball, location: 2F
0-1: Ball
1-1: Foul Ball, location: 2F
1-2: Strikes out swinging
Batting: RHB Jeff Weber 0-0: Ball
1-0: Fly out, F7 (Flyball, 7LM, EV 96.2 MPH)
Runner from 3rd tags up, SCORES, throw by LF
Batting: LHB Andrew O'Reilly 0-0: Fly out, F4 (Flyball, 34D, EV 95.6 MPH)
Top of the 1st over - 1 run, 2 hits, 0 errors, 1 left on base; Tulsa 1 - Fort Knox 0
BOTTOM OF THE 1ST
Fort Knox Centennial batting - Pitching for Tulsa Otters : LHP Bob Burke
Pitching: LHP Bob Burke
Batting: RHB Marvin Davenport 0-0: Swinging Strike
0-1: Foul Ball, location: 2F
0-2: Ball
1-2: Strikes out swinging
Batting: RHB Zee-loo Situ 0-0: Called Strike
0-1: Ground out 1-3 (Groundball, P, EV 87.5 MPH)
Batting: RHB Yue-rong Duan 0-0: Ball
1-0: Ground out 5-3 (Groundball, 5, EV 100.6 MPH)
Bottom of the 1st over - 0 runs, 0 hits, 0 errors, 0 left on base; Tulsa 1 - Fort Knox 0
TOP OF THE 2ND
Tulsa Otters batting - Pitching for Fort Knox Centennial : RHP Wayne Hankins
Batting: RHB Jack Covas 0-0: Called Strike
0-1: Ball
1-1: Foul Ball, location: 2F
1-2: Ball
2-2: Ball
3-2: Foul Ball, location: 2F
3-2: SINGLE (Groundball, 56D, EV 98.8 MPH)
Batting: LHB Andrew Gray 0-0: Called Strike
0-1: Foul Ball, location: 2F
0-2: Strikes out swinging
Batting: LHB Mike Reynolds 0-0: Called Strike
0-1: Ball
1-1: Called Strike
1-2: Strikes out swinging
Batting: RHB Cédric Dumas 0-0: Ball
1-0: Fly out, F7 (Flyball, 7LSF, EV 98.1 MPH)
Top of the 2nd over - 0 runs, 1 hit, 0 errors, 1 left on base; Tulsa 1 - Fort Knox 0
BOTTOM OF THE 2ND
Fort Knox Centennial batting - Pitching for Tulsa Otters : LHP Bob Burke
Batting: RHB Nebosja Peric 0-0: Ball
1-0: Fly out, F8 (Flyball, 8LM, EV 88.1 MPH)
Batting: LHB Don Barnes 0-0: Foul Ball, location: 2F
0-1: Ground out 4-3 (Groundball, 4, EV 83.8 MPH)
Batting: RHB Juan Tilve 0-0: Called Strike
0-1: SINGLE (Groundball, 6MD, EV 98.1 MPH)
Batting: LHB Niek Breugelmans 0-0: Called Strike
0-1: Foul Ball, location: 2F
0-2: Foul Ball, location: 2F
0-2: Ground out 4-3 (Groundball, 34, EV 87.5 MPH)
Bottom of the 2nd over - 0 runs, 1 hit, 0 errors, 1 left on base; Tulsa 1 - Fort Knox 0
TOP OF THE 3RD
Tulsa Otters batting - Pitching for Fort Knox Centennial : RHP Wayne Hankins
Batting: RHB Joe Goff 0-0: Ball
1-0: Ball
2-0: Called Strike
2-1: DOUBLE (Line Drive, 7LS, EV 95.0 MPH)
Batting: RHB Chad Brown 0-0: Ball
1-0: Ball
2-0: Swinging Strike
2-1: Fly out, F4 (Popup, 23, EV 89.4 MPH)
Batting: RHB Guillermo Dettori 0-0: Called Strike
0-1: Foul Ball, location: 2F
0-2: Ball
1-2: Ball
2-2: Fly out, F8 (Flyball, 8RD, EV 103.8 MPH)
Batting: RHB Jeff Weber 0-0: Called Strike
0-1: Ball
1-1: Foul Ball, location: 2F
1-2: Foul Ball, location: 2F
1-2: Strikes out swinging, 2-3 out at first.
Top of the 3rd over - 0 runs, 1 hit, 0 errors, 1 left on base; Tulsa 1 - Fort Knox 0
BOTTOM OF THE 3RD
Fort Knox Centennial batting - Pitching for Tulsa Otters : LHP Bob Burke
Batting: LHB Chin-seok Chong 0-0: Called Strike
0-1: Ball
1-1: Called Strike
1-2: Strikes out swinging
Batting: RHB Bubba Baker 0-0: Ground out 6-3 (Groundball, 6S, EV 83.8 MPH)
Batting: RHB Marvin Davenport 0-0: Ground out 5-3 (Groundball, 5, EV 103.1 MPH)
Bottom of the 3rd over - 0 runs, 0 hits, 0 errors, 0 left on base; Tulsa 1 - Fort Knox 0
TOP OF THE 4TH
Tulsa Otters batting - Pitching for Fort Knox Centennial : RHP Wayne Hankins
Batting: LHB Andrew O'Reilly 0-0: Ball
1-0: Swinging Strike
1-1: Foul Ball, location: 2F
1-2: Ground out 4-3 (Groundball, 4, EV 83.8 MPH)
Batting: RHB Jack Covas 0-0: Foul Ball, location: 2F
0-1: Ball
1-1: Ball
2-1: Foul Ball, location: 2F
2-2: Foul Ball, location: 2F
2-2: Fly out, F2 (Popup, 5SF, EV 72.5 MPH)
Batting: LHB Andrew Gray 0-0: Called Strike
0-1: Foul Ball, location: 2F
0-2: Ball
1-2: Foul Ball, location: 2F
1-2: Strikes out swinging
Top of the 4th over - 0 runs, 0 hits, 0 errors, 0 left on base; Tulsa 1 - Fort Knox 0
BOTTOM OF THE 4TH
Fort Knox Centennial batting - Pitching for Tulsa Otters : LHP Bob Burke
Batting: RHB Zee-loo Situ 0-0: Ground out 4-3 (Groundball, 4, EV 85.0 MPH)
Batting: RHB Yue-rong Duan 0-0: Ground out 6-3 (Groundball, 6, EV 103.8 MPH)
Batting: RHB Nebosja Peric 0-0: Fly out, F9 (Flyball, 9LS, EV 83.1 MPH)
Bottom of the 4th over - 0 runs, 0 hits, 0 errors, 0 left on base; Tulsa 1 - Fort Knox 0
TOP OF THE 5TH
Tulsa Otters batting - Pitching for Fort Knox Centennial : RHP Wayne Hankins
Batting: LHB Mike Reynolds 0-0: Swinging Strike
0-1: Swinging Strike
0-2: Ball
1-2: Strikes out swinging
Batting: RHB Cédric Dumas 0-0: Ball
1-0: Called Strike
1-1: Fly out, F8 (Line Drive, 8LD, EV 90.0 MPH)
Batting: RHB Joe Goff 0-0: Ball
1-0: SINGLE (Flyball, 78S, EV 92.5 MPH) - OUT at second base trying to stretch hit.
Top of the 5th over - 0 runs, 1 hit, 0 errors, 0 left on base; Tulsa 1 - Fort Knox 0
BOTTOM OF THE 5TH
Fort Knox Centennial batting - Pitching for Tulsa Otters : LHP Bob Burke
Batting: LHB Don Barnes 0-0: Foul Ball, location: 2F
0-1: Ball
1-1: Foul Ball, location: 2F
1-2: Ball
2-2: Ball
3-2: Fly out, F7 (Flyball, 78D, EV 98.1 MPH)
Batting: RHB Juan Tilve 0-0: Called Strike
0-1: Ball
1-1: DOUBLE (Line Drive, 89D, EV 102.5 MPH)
Batting: LHB Niek Breugelmans 0-0: Ground out 5-3 (Groundball, 5, EV 84.4 MPH)
Batting: LHB Chin-seok Chong 0-0: Ball
1-0: Called Strike
1-1: SINGLE (Line Drive, 4D, EV 94.4 MPH)
Juan Tilve to third
Runner from 3rd tries for Home, SAFE, throw by RF to home
Chin-seok Chong to second
Batting: RHB Bubba Baker 0-0: Called Strike
0-1: Ball
Wild Pitch!
Chin-seok Chong to third
1-1: Called Strike
1-2: Ball
2-2: Strikes out swinging
Bottom of the 5th over - 1 run, 2 hits, 0 errors, 1 left on base; Tulsa 1 - Fort Knox 1
TOP OF THE 6TH
Tulsa Otters batting - Pitching for Fort Knox Centennial : RHP Wayne Hankins
Batting: RHB Chad Brown 0-0: Fly out, F8 (Line Drive, 8RM, EV 110.6 MPH)
Batting: RHB Guillermo Dettori 0-0: Ball
1-0: Called Strike
1-1: Ball
2-1: Called Strike
2-2: Fly out, F3 (Popup, 3F, EV 76.9 MPH)
Batting: RHB Jeff Weber 0-0: Ball
1-0: Swinging Strike
1-1: Foul Ball, location: 2F
1-2: Strikes out swinging
Top of the 6th over - 0 runs, 0 hits, 0 errors, 0 left on base; Tulsa 1 - Fort Knox 1
BOTTOM OF THE 6TH
Fort Knox Centennial batting - Pitching for Tulsa Otters : LHP Bob Burke
Batting: RHB Marvin Davenport 0-0: Ball
1-0: Foul Ball, location: 2F
1-1: Ground out 4-3 (Groundball, 4, EV 76.9 MPH)
Batting: RHB Zee-loo Situ 0-0: Ball
1-0: Ground out 4-3 (Groundball, 4, EV 86.9 MPH)
Batting: RHB Yue-rong Duan 0-0: Ball
1-0: Ball
2-0: Called Strike
2-1: Foul Ball, location: 2F
2-2: Fly out, F3 (Popup, 3S, EV 75.6 MPH)
Bottom of the 6th over - 0 runs, 0 hits, 0 errors, 0 left on base; Tulsa 1 - Fort Knox 1
TOP OF THE 7TH
Tulsa Otters batting - Pitching for Fort Knox Centennial : RHP Wayne Hankins
Batting: LHB Andrew O'Reilly 0-0: SINGLE (Flyball, 78S, EV 98.1 MPH)
Batting: RHB Jack Covas 0-0: Foul Ball, location: 2F
0-1: Called Strike
0-2: Ball
1-2: Foul Ball, location: 2F
1-2: Ball
2-2: Foul Ball, location: 2F
2-2: Ball
3-2: Fielders Choice at 2nd, 4-6 (Groundball, 4, EV 91.2 MPH)
Batting: LHB Andrew Gray 0-0: Called Strike
0-1: Swinging Strike
0-2: Ball
1-2: Strikes out swinging
Batting: LHB Mike Reynolds 0-0: Called Strike
0-1: Swinging Strike
0-2: Ball
1-2: Ball
2-2: Ball
3-2: Foul Ball, location: 2F
3-2: Strikes out swinging
Top of the 7th over - 0 runs, 1 hit, 0 errors, 1 left on base; Tulsa 1 - Fort Knox 1
BOTTOM OF THE 7TH
Fort Knox Centennial batting - Pitching for Tulsa Otters : LHP Bob Burke
Batting: RHB Nebosja Peric 0-0: Fly out, F3 (Popup, 3, EV 63.1 MPH)
Batting: LHB Don Barnes 0-0: Foul Ball, location: 2F
0-1: Foul Ball, location: 2F
0-2: Ball
1-2: Foul Ball, location: 2F
1-2: Ground out 6-3 (Groundball, 6S, EV 84.4 MPH)
Batting: RHB Juan Tilve 0-0: Ball
1-0: Foul Ball, location: 2F
1-1: Ground out 1-3 (Groundball, 13, EV 65.6 MPH)
Bottom of the 7th over - 0 runs, 0 hits, 0 errors, 0 left on base; Tulsa 1 - Fort Knox 1
TOP OF THE 8TH
Tulsa Otters batting - Pitching for Fort Knox Centennial : RHP Wayne Hankins
Batting: RHB Cédric Dumas 0-0: Called Strike
0-1: Ball
1-1: Ball
2-1: Called Strike
2-2: SINGLE (Line Drive, 7LS, EV 109.4 MPH)
Pitching: RHP Dan Smith
Batting: RHB Joe Goff 0-0: Bunt missed!
0-1: Sac Bunt to 13S - play at first, batter OUT! 1-4
Cédric Dumas to second
Batting: RHB Chad Brown 0-0: Swinging Strike
0-1: Called Strike
0-2: Foul Ball, location: 2F
0-2: Strikes out swinging
Batting: RHB Guillermo Dettori 0-0: Called Strike
0-1: Foul Ball, location: 2F
0-2: 2-RUN HOME RUN (Flyball, 7D, EV 105.6 MPH), Distance : 368 ft
Batting: RHB Jeff Weber 0-0: Called Strike
0-1: Ball
1-1: Ball
2-1: Swinging Strike
2-2: Strikes out swinging
Top of the 8th over - 2 runs, 2 hits, 0 errors, 0 left on base; Tulsa 3 - Fort Knox 1
BOTTOM OF THE 8TH
Fort Knox Centennial batting - Pitching for Tulsa Otters : LHP Bob Burke
Now at 2B: Jason Pruitt
Now in CF: Cisco Gracía
Batting: LHB Niek Breugelmans 0-0: Foul Ball, location: 2F
0-1: Foul Ball, location: 2F
0-2: Foul Ball, location: 2F
0-2: Foul Ball, location: 2F
0-2: Strikes out swinging
Batting: LHB Chin-seok Chong 0-0: Called Strike
0-1: Ball
1-1: Ball
2-1: Ball
3-1: Called Strike
3-2: Base on Balls
Batting: RHB Bubba Baker 0-0: SINGLE (Flyball, 56D, EV 83.8 MPH)
Chin-seok Chong to second
Batting: RHB Marvin Davenport 0-0: Ball
1-0: Ball
2-0: Ball
3-0: Called Strike
3-1: Fly out, F8 (Line Drive, 8RD, EV 88.1 MPH)
Batting: RHB Zee-loo Situ 0-0: Called Strike
0-1: Ground out 4-3 (Groundball, 34, EV 88.8 MPH)
Bottom of the 8th over - 0 runs, 1 hit, 0 errors, 2 left on base; Tulsa 3 - Fort Knox 1
TOP OF THE 9TH
Tulsa Otters batting - Pitching for Fort Knox Centennial : RHP Dan Smith
Batting: LHB Cisco Gracía 0-0: Ball
1-0: Ball
2-0: SOLO HOME RUN (Flyball, 7D, EV 104.4 MPH), Distance : 354 ft
Batting: RHB Jack Covas 0-0: Ball
1-0: Swinging Strike
1-1: Foul Ball, location: 2F
1-2: Strikes out swinging
Batting: LHB Andrew Gray 0-0: Foul Ball, location: 2F
0-1: Swinging Strike
0-2: Ball
1-2: Strikes out swinging
Batting: LHB Mike Reynolds 0-0: Called Strike
0-1: Foul Ball, location: 2F
0-2: Strikes out swinging
Top of the 9th over - 1 run, 1 hit, 0 errors, 0 left on base; Tulsa 4 - Fort Knox 1
BOTTOM OF THE 9TH
Fort Knox Centennial batting - Pitching for Tulsa Otters : LHP Bob Burke
Pitching: RHP Kent Woods
Batting: RHB Yue-rong Duan 0-0: Foul Ball, location: 2F
0-1: Ball
1-1: Ball
2-1: Ball
3-1: Fly out, F9 (Line Drive, 9, EV 88.8 MPH)
Batting: RHB Nebosja Peric 0-0: Called Strike
0-1: Foul Ball, location: 2F
0-2: Fly out, F3 (Popup, 3S, EV 74.4 MPH)
Batting: LHB Don Barnes 0-0: Ball
1-0: Ball
2-0: Ball
3-0: Called Strike
3-1: Base on Balls
Batting: RHB Juan Tilve 0-0: Fly out, F9 (Flyball, 9, EV 87.5 MPH)
Bottom of the 9th over - 0 runs, 0 hits, 0 errors, 1 left on base; Tulsa 4 - Fort Knox 1
Tuesday, January 5th, 2021 - OOTP Baseball 20.8 Build 74